 Dungeon Crawl Stone Soup version 0.17-a0-1887-g3e50df6 (webtiles) character file.

46 ololoev the Chopper (level 3, -2/49 HPs)
             Began as a Minotaur Berserker on Sept 23, 2015.
             Was a Follower of Trog.
             Slain by an ogre
             ... wielding a +0 giant spiked club
              (17 damage)
             ... on level 4 of the Dungeon.
             The game lasted 00:01:28 (218 turns).

ololoev the Chopper (Minotaur Berserker)             Turns: 218, Time: 00:01:28

Health: -2/49      AC:  7    Str: 27    XL:     3   Next: 44%
Magic:  2/2        EV: 10    Int:  4    God:    Trog [*.....]
Gold:   30         SH:  0    Dex:  9    Spells: 0 memorised, 2 levels left

rFire  . . .     SeeInvis .     a - +0 hand axe
rCold  . . .     Clarity  .     d - +0 scale mail
rNeg   . . .     SustAt   .     (no shield)
rPois  .         Gourm    .     (helmet restricted)
rElec  .         Spirit   .     (no cloak)
rCorr  .         Warding  .     g - +0 pair of gloves
rMut   .         Stasis   .     (no boots)
MR     .....                    (no amulet)
Stlth  ..........               (no ring)
                                (no ring)

@: berserking, very quick, not resistant to hostile enchantments, extremely
unstealthy
A: retaliatory headbutt, horns 2
a: Burn Spellbooks, Berserk, Renounce Religion


Innate Abilities, Weirdness & Mutations

You reflexively headbutt those who attack you in melee.
You have a pair of horns on your head.

Inventory:

Hand weapons
 a - a +0 hand axe (weapon)
Armour
 d - a +0 scale mail (worn)
 g - a +0 pair of gloves (worn)
Magical devices
 b - a wand of confusion (10)
Scrolls
 e - a scroll of blinking {unknown}
 i - 2 scrolls of enchant weapon {unknown}
Potions
 h - a potion of agility {unknown}
Comestibles
 c - a bread ration
 f - 3 chunks of flesh


   Skills:
 + Level 4.0 Fighting
 * Level 4.8 Axes
 + Level 2.8 Armour
 - Level 2.1 Dodging
 + Level 0.3 Evocations


You had 2 spell levels left.
You didn't know any spells.


You were on level 4 of the Dungeon.
You worshipped Trog.
Trog was aware of your devotion.
You were not hungry.

You visited 1 branch of the dungeon, and saw 4 of its levels.

You collected 30 gold pieces.

#<..#.. #.#.#.# #
#.#.#.#+#+#####
#..###.#..........
#......#..........
#.####.#..........
#................[
#########.O.......
........@..####
...#####.#.# #.# #
#+#

Notes
Turn   | Place    | Note
--------------------------------------------------------------
     0 | D:1      | ololoev the Minotaur Berserker began the quest for the Orb.
     0 | D:1      | Reached XP level 1. HP: 19/19 MP: 0/0
    70 | D:2      | Noticed Ijyb
    72 | D:2      | Reached skill level 4 in Axes
    72 | D:2      | Reached XP level 2. HP: 22/27 MP: 1/1
    91 | D:2      | Killed Ijyb
    91 | D:2      | Reached XP level 3. HP: 33/33 MP: 2/2
   213 | D:4      | Noticed an ogre
   218 | D:4      | Slain by an ogre

Dungeon Overview and Level Annotations

Branches:
Dungeon (4/15)
 Temple: D:4-7

Altars:


Message History

h - a white potion A bat comes into view.
The bat moves out of view.
The bat hits you but does no damage.
You see here a scroll labeled XUEC QERREPNA.
i - a scroll labeled XUEC QERREPNA The bat closely misses you.
You furiously retaliate!
You headbutt the bat!
You kill the bat!
Trog accepts your kill.
There is a stone staircase leading down here.
You climb downwards.
Found 9 gold pieces.
Found a stone staircase leading down.
There is a stone staircase leading up here.
Found a scroll labeled XUEC QERREPNA.
You now have 19 gold pieces (gained 9).
Found 11 gold pieces.
A rat comes into view.
You see here a scroll labeled XUEC QERREPNA.
You completely miss the rat. The rat closely misses you.
You hit the rat.
You kill the rat!
Trog accepts your kill.
You now have 30 gold pieces (gained 11).
i - 2 scrolls labeled XUEC QERREPNA (gained 1)
Found a club.
There is a stone staircase leading down here.
You climb downwards.
There is a stone staircase leading up here.
An ogre comes into view. It is wielding a giant spiked club.
The ogre shouts!
The ogre hits you with a giant spiked club!!
Ouch! That really hurt!
Found a chain mail.
Use which ability?
A red film seems to cover your vision as you go berserk!
You feel yourself moving faster!
You feel mighty!
You feel somewhat more hungry.
You slash the ogre! You headbutt the ogre.
The ogre is almost dead.
The ogre hits you with a giant spiked club!
You die...

You could see an ogre.

Vanquished Creatures
  Ijyb (D:2)
  An ooze (D:2)
  A worm (D:2)
  A ball python (D:2)
  A bat (D:2)
  3 hobgoblins
  A quokka (D:2)
  2 rats
11 creatures vanquished.

Action                   || total
-------------------------++-------
Melee: Hand axe          ||    25
Invok: Berserk           ||     2

Vault maps used:
D:1:      minmay_arrival_three_doors, kennysheep_another_room, minivault_25
D:2:      ecumenical_altar_2, minmay_misc_feat_pillars, uniq_jessica,
          uniq_robin, uniq_iyjb
D:3:      first_bread, hangedman_decor_diamond_cutter, dk_noncrumbling_4,
          uniq_sigmund
D:4:      nicolae_overflow_hidden_temple, amethyst_killhole
